 Dungeon Crawl Stone Soup version 0.20.1-1-g8b1a95d (webtiles) character file.

10792 McKennaii the Thaumaturge (level 11, -2/81 HPs)
             Began as a Grey Draconian Conjurer on Aug 5, 2017.
             Was an Elder of Sif Muna.
             Slain by Goboxel's ghost (18 damage)
             ... on level 10 of the Dungeon.
             The game lasted 00:32:07 (14935 turns).

McKennaii the Thaumaturge (DrCj)                   Turns: 14935, Time: 00:32:08

Health: -2/81      AC: 16    Str: 10    XL:     11   Next: 40%
Magic:  3/26       EV: 16    Int: 18    God:    Sif Muna [****..]
Gold:   430        SH:  0    Dex: 17    Spells: 27/32 levels left

rFire    + . .     SeeInvis .     - Unarmed
rCold    + . .     Gourm    .   (no shield)
rNeg     . . .     Faith    .   (armour unavailable)
rPois    .         Spirit   .   f - +2 hat
rElec    .         Reflect  .   (no cloak)
rCorr    .         Harm     .   d - +0 pair of gloves
MR       .....                  n - +0 pair of boots
Stlth    +++.......             z - amulet of rage
Regen    0.3/turn               j - ring of protection from cold
MPRegen  0.2/turn               J - +4 ring of dexterity

@: no status effects
A: walk through water, unfitting armour, horns 1, blink, fire resistance 1,
screaming 1, unbreathing, cold-blooded, AC +12
a: Blink, Divine Energy, Channel Magic, Forget Spell, Renounce Religion, Evoke
Berserk Rage


You were on level 10 of the Dungeon.
You worshipped Sif Muna.
Sif Muna was greatly pleased with you.
You were not hungry.

You visited 2 branches of the dungeon, and saw 11 of its levels.

You collected 430 gold pieces.

Inventory:

Armour
 d - a +0 pair of gloves (worn)
 f - a +2 hat (worn)
 n - a +0 pair of boots (worn)
Jewellery
 i - an uncursed ring of flight
 j - a ring of protection from cold (left hand)
 l - an uncursed ring of positive energy
 z - an amulet of rage (around neck)
 J - a +4 ring of dexterity (right hand)
Wands
 e - a wand of enslavement (11/24)
 r - a wand of digging (5/24)
Scrolls
 c - 2 scrolls of amnesia
 g - 8 scrolls of identify
 h - a scroll of noise {unknown}
 k - a scroll of magic mapping {unknown}
 m - 7 scrolls of teleportation
 q - a scroll of enchant weapon {unknown}
 s - a scroll of random uselessness {unknown}
 t - 8 scrolls of remove curse {unknown}
 u - 7 scrolls of recharging {unknown}
 x - a scroll of enchant armour {unknown}
 A - a scroll of brand weapon {unknown}
 D - a scroll of fear {unknown}
Potions
 o - 2 potions of degeneration {unknown}
 B - a potion of ambrosia
 C - a potion of brilliance {unknown}
 E - 2 potions of agility
 F - 2 potions of curing
 G - a potion of magic
 H - a potion of berserk rage {unknown}
Books
 a - a book of Conjurations

   Spells                             Type                      Level
   a - Magic Dart                     Conjuration                  1
   b - Searing Ray                    Conjuration                  2
   c - Dazzling Spray                 Conjuration/Hexes            3
   d - Fulminant Prism                Conjuration/Hexes            4
   e - Force Lance                    Conjuration/Translocation    4
   f - Iskenderun's Mystic Blast      Conjuration                  4
 w - a book of Air

   Spells                             Type                      Level
   a - Shock                          Conjuration/Air              1
   b - Swiftness                      Charms/Air                   2
   c - Static Discharge               Conjuration/Air              3
   d - Airstrike                      Air                          4
   e - Lightning Bolt                 Conjuration/Air              5
 y - a book of Battle

   Spells                             Type                      Level
   a - Infusion                       Charms                       1
   b - Shroud of Golubria             Charms/Translocation         2
   c - Song of Slaying                Charms                       2
   d - Spectral Weapon                Hexes/Charms                 3
   e - Regeneration                   Charms/Necromancy            3
Comestibles
 b - 4 bread rations
 p - 8 royal jellies
 v - 2 meat rations


   Skills:
 + Level 2.9 Fighting
 + Level 5.7 Dodging
 + Level 3.9 Stealth
 + Level 4.6 Unarmed Combat
 * Level 11.3 Spellcasting
 + Level 9.6 Conjurations
 + Level 5.0 Invocations
 + Level 0.4 Evocations


You had 27 spell levels left.
You knew the following spells:

 Your Spells              Type           Power        Failure   Level  Hunger
a - Magic Dart            Conj           ####         1%          1    None
b - Iskenderun's Mystic   Conj           #####...     1%          4    ##.....


Dungeon Overview and Level Annotations

Branches:
Dungeon (10/15)            Temple (1/1) D:5            Lair (0/6) D:9
    Orc: D:9-12

Altars:
Ashenzari
Cheibriados
Dithmenos
Elyvilon
Fedhas
Gozag
Hepliaklqana
Kikubaaqudgha
Makhleb
Nemelex Xobeh
Okawaru
Qazlal
Ru
Sif Muna
Trog
Uskayaw
Vehumet
Xom
Yredelemnul
Zin
The Shining One

Annotations:
D:10 Gastronok; Goboxel's ghost, journeyman HOFi


Innate Abilities, Weirdness & Mutations

You can walk through water.
Your dull iron-grey scales are very hard. (AC +12)
You cannot fit into any form of body armour.
You can survive without breathing.
You are cold-blooded and may be slowed by cold attacks.
You have a pair of small horns on your head.
You can translocate small distances at will.
Your flesh is heat resistant. (rF+)
You occasionally shout uncontrollably at your foes.


Message History

Press: ? - help, Shift-Dir - straight line, f/p - Goboxel's ghost
Aim: Goboxel's ghost (heavily damaged)
The orb of energy hits Goboxel's ghost.
Goboxel's ghost is heavily damaged.
The orb of energy explodes!
Goboxel's ghost hits you!!
Casting: Iskenderun's Mystic Blast
Confirm with . or Enter, or press ? or * to list all spells.
Aiming: Iskenderun's Mystic Blast
Press: ? - help, Shift-Dir - straight line, f/p - Goboxel's ghost
Aim: Goboxel's ghost (heavily damaged)
The orb of energy hits Goboxel's ghost.
Goboxel's ghost is heavily damaged.
The orb of energy explodes!
Goboxel's ghost hits you!!
* * * LOW HITPOINT WARNING * * *
Casting: Iskenderun's Mystic Blast
Confirm with . or Enter, or press ? or * to list all spells.
You don't have enough magic to cast that spell.
Unknown command.
Goboxel's ghost hits you!!
You die...

#......... #.........
#......... #.........
#......... #.(.......
#.>...(... #.........
#.@.......
........W......
.......(.(..... .....>.
########................
#...$.......?....
#.........)....:.
#..(.............
#................
#######.....O.......?..


You could see Goboxel's ghost.

Vanquished Creatures
  3 two-headed ogres
  The ghost of raetorn the Fighter, a novice OgFE of Vehumet (D:8)
  Pikel (D:5)
  The ghost of raetorn the Ogre Mage, a novice OgFE (D:6)
  A deep elf mage (D:6)
  2 trolls (D:9)
  A queen bee (D:8)
  Grinder (D:5)
  2 hippogriffs
  A shadow (D:8)
  Sigmund (D:5)
  A wyvern (D:9)
  5 yaks (D:10)
  3 ice beasts
  2 orc warriors
  2 sky beasts
  4 slaves
  An eye of draining (D:8)
  2 wolves (D:9)
  2 centaurs
  6 ogres
  A big kobold (D:9)
  A bullfrog (D:6)
  A scorpion (D:9)
  22 killer bees
  5 electric eels (D:9)
  9 wights
  A bullfrog zombie (D:10)
  2 howler monkeys
  5 crimson imps
  A quasit (D:8)
  3 jellies
  5 orc priests
  4 hounds
  2 centaur skeletons
  4 bullfrog skeletons
  Ijyb (D:3)
  5 orc wizards
  4 iguanas
  5 worker ants
  A hound zombie (D:5)
  2 worker ant zombies
  12 adders
  4 gnolls (D:3)
  3 shadow imps
  An ooze (D:3)
  An adder skeleton (D:9)
  An adder zombie (D:8)
  3 worms
  3 dart slugs
  6 leopard geckos
  25 orcs
  A ball python (D:3)
  2 giant cockroaches
  4 goblins
  6 hobgoblins
  3 jackals (D:8)
  4 quokkas
  15 bats
  5 frilled lizards
  13 kobolds
  11 rats
250 creatures vanquished.

Notes
Turn   | Place    | Note
-------+----------+-------------------------------------------
     0 | D:1      | McKennaii the Draconian Conjurer began the quest for the Orb.
     0 | D:1      | Reached XP level 1. HP: 14/14 MP: 3/3
   247 | D:1      | Reached XP level 2. HP: 9/20 MP: 1/5
  1158 | D:2      | Reached XP level 3. HP: 26/26 MP: 4/6
  1165 | D:2      | Found a glowing silver altar of Zin.
  1535 | D:2      | Found a hazy altar of Hepliaklqana.
  1880 | D:2      | Reached skill level 1 in Unarmed Combat
  2162 | D:3      | Reached XP level 4. HP: 12/33 MP: 0/8
  2420 | D:3      | Found a glowing golden altar of the Shining One.
  2456 | D:3      | Noticed Ijyb
  2457 | D:3      | Reached skill level 3 in Spellcasting
  2502 | D:3      | Killed Ijyb
  2626 | D:3      | Learned a level 4 spell: Iskenderun's Mystic Blast
  2711 | D:3      | Reached XP level 5. HP: 38/38 MP: 4/10
  3338 | D:4      | Noticed an ice beast
  3346 | D:5      | Entered Level 5 of the Dungeon
  3346 | D:5      | Noticed Grinder
  3361 | D:4      | Gained mutation: Your flesh is heat resistant. (rF+) [potion of mutation]
  3361 | D:4      | Gained mutation: You occasionally shout uncontrollably at your foes. [potion of mutation]
  3361 | D:4      | Gained mutation: You have a pair of small horns on your head. [potion of mutation]
  3361 | D:4      | Gained mutation: You can translocate small distances at will. [potion of mutation]
  3534 | D:4      | Killed an ice beast
  3534 | D:4      | Reached skill level 1 in Fighting
  3534 | D:4      | Reached skill level 4 in Spellcasting
  3534 | D:4      | Reached skill level 5 in Conjurations
  3534 | D:4      | Reached XP level 6. HP: 25/47 MP: 6/12
  3714 | D:4      | Found a radiant altar of Vehumet.
  4147 | D:4      | Found a blossoming altar of Fedhas.
  4365 | D:5      | Paralysed by Grinder for 4 turns
  4372 | D:5      | Killed Grinder
  4372 | D:5      | Your scales start taking on a dull iron-grey colour.
  4372 | D:5      | Reached XP level 7. HP: 42/52 MP: 1/13
  4372 | D:5      | Gained mutation: You can survive without breathing. [Grey Draconian growth]
  4794 | D:5      | Noticed Pikel
  5252 | D:5      | Reached skill level 5 in Spellcasting
  5384 | D:5      | Found a hide-covered altar of Uskayaw.
  5410 | D:5      | Killed Pikel
  5410 | D:5      | Reached skill level 6 in Spellcasting
  5410 | D:5      | Reached XP level 8. HP: 56/61 MP: 0/17
  5563 | D:5      | Found a staircase to the Ecumenical Temple.
  5564 | D:5      | Noticed Sigmund
  5568 | D:5      | Killed Sigmund
  5581 | Temple   | Entered the Ecumenical Temple
  5777 | D:5      | Found a deep blue altar of Sif Muna.
  5780 | D:5      | Became a worshipper of Sif Muna the Loreminder
  5786 | D:5      | Found a white marble altar of Elyvilon.
  5821 | D:5      | Found an iron altar of Okawaru.
  5822 | D:5      | Found a bloodstained altar of Trog.
  5925 | D:6      | Noticed raetorn's ghost (novice OgFE)
  6710 | D:6      | Reached skill level 7 in Spellcasting
  7299 | D:6      | Killed raetorn's ghost
  7299 | D:6      | Reached * piety under Sif Muna
  7299 | D:6      | Reached skill level 1 in Invocations
  7299 | D:6      | Reached XP level 9. HP: 33/68 MP: 0/20
  7959 | D:6      | Noticed a deep elf mage
  8016 | D:6      | Killed a deep elf mage
  8016 | D:6      | Reached skill level 8 in Spellcasting
  9057 | D:8      | Noticed raetorn's ghost (novice OgFE)
  9086 | D:8      | Killed raetorn's ghost
  9086 | D:8      | Reached skill level 9 in Spellcasting
  9214 | D:8      | Noticed a two-headed ogre
  9219 | D:8      | Killed a two-headed ogre
  9219 | D:8      | Reached ** piety under Sif Muna
  9219 | D:8      | Reached XP level 10. HP: 75/75 MP: 2/23
  9378 | D:8      | Found a shimmering altar of Xom.
  9681 | D:8      | Got a crude whip
  9682 | D:8      | Identified the cursed +1 whip "Wycep" {speed, Fragile Int+4} (You found it on level 8 of the Dungeon)
 10861 | D:8      | Reached skill level 10 in Spellcasting
 11020 | D:9      | Reached skill level 5 in Dodging
 11376 | D:9      | Found a shattered altar of Ashenzari.
 12012 | D:8      | Reached *** piety under Sif Muna
 12027 | D:8      | Noticed a two-headed ogre
 12209 | D:8      | Killed a two-headed ogre
 12209 | D:8      | Reached skill level 5 in Invocations
 12390 | D:9      | Reached XP level 11. HP: 81/81 MP: 8/25
 12519 | D:9      | Noticed a two-headed ogre
 12819 | D:9      | Killed a two-headed ogre
 13620 | D:9      | Found a staircase to the Lair.
 13736 | D:10     | Entered Level 10 of the Dungeon
 13736 | D:10     | Noticed a two-headed ogre
 13794 | D:10     | Noticed a two-headed ogre
 13794 | D:10     | Reached **** piety under Sif Muna
 13794 | D:10     | Reached skill level 11 in Spellcasting
 13796 | D:10     | Noticed Gastronok
 13862 | D:10     | Noticed Goboxel's ghost (journeyman HOFi)
 14935 | D:10     | Slain by Goboxel's ghost

Skill      XL: |  1  2  3  4  5  6  7  8  9 10 11 |
---------------+----------------------------------+-----
Dodging        | 2 3 4 5 |  5.7
Unarmed Combat | 1 2 3 4 |  4.6
Stealth        | 2 3 |  3.9
Spellcasting   | 3 4 6 7 9 10 11 | 11.3
Fighting       | 1 2 |  2.9
Conjurations   | 5 6 7 8 9 |  9.6
Invocations    | 1 3 5 |  5.0
Evocations     | |  0.4

Action                   |  1- 3 |  4- 6 |  7- 9 | 10-12 || total
-------------------------+-------+-------+-------+-------++-------
Melee: Unarmed           |    59 |    95 |    72 |   163 ||   389
       Tailslap          |     5 |     5 |     9 |    24 ||    43
       Punch             |       |     1 |       |     3 ||     4
       Headbutt          |       |       |    15 |    33 ||    48
 Cast: Magic Dart        |   105 |   138 |   255 |   294 ||   792
       Iskenderun's Myst |       |     3 |    43 |   104 ||   150
 Abil: Blink             |       |     3 |       |       ||     3
       Evoke Berserk Rag |       |       |     1 |       ||     1
  Use: Potion            |     2 |     6 |     2 |     2 ||    12
       Scroll            |       |       |     4 |     2 ||     6
 Stab: Invisible         |       |     6 |       |       ||     6
  Eat: Chunk             |     4 |     4 |    17 |    18 ||    43
       Bread ration      |       |     1 |       |     2 ||     3
       Royal jelly       |       |       |     2 |       ||     2
Armor: Skin              |    14 |    47 |    64 |   129 ||   254
Dodge: Dodged            |    40 |    72 |   118 |   303 ||   533
